 Dungeon Crawl Stone Soup version 0.16-a0-3724-gf14d081 (webtiles) character file.

7 Gorice the Covered (level 1, -1/17 HPs)
             Began as a Demigod Wanderer on Jan 21, 2015.
             Slain by a gnoll
             ... wielding a +0 spear
              (2 damage)
             ... on level 1 of the Dungeon.
             The game lasted 00:01:38 (92 turns).

Gorice the Covered (Demigod Wanderer)                 Turns: 92, Time: 00:01:38

Health: -1/17      AC:  5    Str: 16    XL:     1   Next: 66%
Magic:  2/2        EV: 10    Int: 17    God:
Gold:   0          SH:  0    Dex: 13    Spells: 0 memorised, 0 levels left

rFire  . . .     SeeInvis .     b - +0 mace
rCold  . . .     Clarity  .     c - +0 ring mail
rNeg   . . .     SustAb   +     (no shield)
rPois  .         Gourm    .     (no helmet)
rElec  .         Spirit   .     (no cloak)
rCorr  .         Warding  .     (no gloves)
rMut   .         Stasis   .     (no boots)
MR     .....                    (no amulet)
Stlth  +.........               (no ring)
                                (no ring)

@: not resistant to hostile enchantments, very unstealthy
A: sustain abilities
a: no special abilities


You were on level 1 of the Dungeon.
You were not hungry.

You visited 1 branch of the dungeon, and saw 1 of its levels.

Inventory:

Hand weapons
 a - a +2 hand crossbow
 b - a +0 mace (weapon)
Missiles
 d - 25 bolts
Armour
 c - a +0 ring mail (worn)
Potions
 e - a potion of ambrosia {unknown}
Comestibles
 f - a bread ration
 g - a chunk of flesh


   Skills:
 * Level 2.1 Fighting
   Level 1.0 Staves
 - Level 1.0 Crossbows
 - Level 1.0 Throwing
 * Level 2.9 Armour
 - Level 1.0 Stealth
   Level 1.0 Evocations


You couldn't memorise any spells.
You didn't know any spells.

Dungeon Overview and Level Annotations

Branches:
Dungeon (1/15)


Innate Abilities, Weirdness & Mutations

Your attributes are resistant to harm.


Message History

You kill the giant gecko!
The rat bites you but does no damage.
The gnoll hits you from afar with a spear.
* * * LOW HITPOINT WARNING * * *
The rat closely misses you. The gnoll hits you with a spear.
* * * LOW HITPOINT WARNING * * *
The rat bites you but does no damage.
You hit the gnoll.
The gnoll is heavily wounded.
The gnoll hits you but does no damage. The rat closely misses you.
You barely miss the gnoll.
The gnoll is heavily wounded.
The gnoll hits you with a spear.
* * * LOW HITPOINT WARNING * * *
The rat bites you but does no damage.
You barely miss the gnoll.
The gnoll is heavily wounded.
The rat barely misses you. The gnoll hits you with a spear.
You die...

##.....#†#..(####
##+#
.................
.......#.##..####
.......#.##..###
...............#
.......#.....?.#
......#.......#
!.... #g......##
..### #@r.......
#.........
#####..... #...
...


You could see a gnoll and a rat.

Vanquished Creatures
  An ooze (D:1)
  A bat (D:1)
  A giant cockroach (D:1)
  A goblin (D:1)
  A giant gecko (D:1)
5 creatures vanquished.

Notes
Turn   | Place    | Note
--------------------------------------------------------------
     0 | D:1      | Gorice, the Demigod Wanderer, began the quest for the Orb.
     0 | D:1      | Gorice set off with: a +2 hand crossbow, a +0 mace, a +0 ring mail, 27 bolts, a bread ration
     0 | D:1      | Reached XP level 1. HP: 17/17 MP: 2/2
    36 | D:1      | Reached skill level 2 in Fighting
    92 | D:1      | Slain by a gnoll

Action                   || total
-------------------------++-------
Melee: Mace              ||    19
 Fire: Hand crossbow     ||     8

Table legend:
 A = Turns spent in this place as a percentage of turns spent in the entire game.
 B = Non-inter-level travel turns spent in this place as a percentage of non-inter-level travel turns spent in the entire game.
 C = Inter-level travel turns spent in this place as a percentage of turns spent in this place.
 D = Turns resting spent in this place as a percentage of non-inter-level travel turns spent in this place.
 E = Turns spent auto-exploring this place as a percentage of non-inter-level travel turns spent in this place.
 F = Non-inter-level travel turns spent in this place divided by the number of levels of this place that you've seen.
                   A       B       C       D       E      F
               +-------+-------+-------+-------+-------+----------------------
         Total | 100.0 | 100.0 |   0.0 |   0.0 |   0.7 | 136.0
       Dungeon | 100.0 | 100.0 |   0.0 |   0.0 |   0.7 | 136.0
               +-------+-------+-------+-------+-------+----------------------

Vault maps used:
D:1:      minmay_arrival_up_and_down
